 Dungeon Crawl Stone Soup version 0.17.2-1-ge4368a0 (webtiles) character file.

2491 Goblin1989 the Basher (level 9, -7/66 HPs)
             Began as a Demonspawn Fighter on Sept 29, 2016.
             Was an Elder of Makhleb.
             Mangled by a gnoll sergeant
             ... wielding a +0 halberd
              (10 damage)
             ... in a bailey.
             The game lasted 00:28:42 (7704 turns).

Goblin1989 the Basher (Demonspawn Fighter)          Turns: 7704, Time: 00:28:42

Health: -7/66      AC: 10    Str: 17    XL:     9   Next: 27%
Magic:  9/9        EV:  6    Int: 13    God:    Makhleb [****..]
Gold:   467        SH:  9    Dex: 12    Spells: 0 memorised, 8 levels left

rFire  . . .     SeeInvis .     a - +0 flail
rCold  . . .     Clarity  .     x - +1 scale mail "Isma" {+Inv Str-2 Slay+6 Stlth+}
rNeg   . . .     SustAt   .     c - +1 shield
rPois  .         Gourm    .     q - +0 helmet
rElec  .         Spirit   .     b - +0 cloak
rCorr  .         Warding  .     (no gloves)
rMut   .         Stasis   .     (no boots)
MR     .....                    (no amulet)
Stlth  ++++......               (no ring)
                                r - +2 ring of intelligence

@: flying, not resistant to hostile enchantments, stealthy
A: talons 1, molten scales 1, nightstalker 3, rot immunity
a: Minor Destruction, Lesser Servant of Makhleb, Major Destruction, Renounce
Religion, Evoke Invisibility


You were in a bailey.
You worshipped Makhleb.
Makhleb was greatly pleased with you.
You were not hungry.

You visited 1 branch of the dungeon, and saw 8 of its levels.
You also visited: Ossuary and Bailey.

You collected 674 gold pieces.
You spent 207 gold pieces at shops.

Inventory:

Hand Weapons
 a - a +0 flail (weapon)
 s - the +6 halberd of Pandemonium {freeze, rN+ MR++ Str+3 Int-4, unknown}
   (You found it on level 8 of the Dungeon)

   It has been specially enchanted to freeze those struck by it, causing extra
   injury to most foes and up to half again as much damage against particularly
   susceptible opponents.
   It can also slow down cold-blooded creatures.
   It affects your strength (+3).
   It affects your intelligence (-4).
   It protects you from negative energy.
   It affects your resistance to hostile enchantments.
 y - the +7 halberd of the Three Blessings {antimagic, Int+3 Dex+3, unknown}
   (You found it on level 8 of the Dungeon)

   It disrupts the flow of magical energy around spellcasters and certain
   magical creatures (including the wielder).
   It affects your intelligence (+3).
   It affects your dexterity (+3).
Armour
 b - a +0 cloak (worn)
 c - a +1 shield (worn)
 q - a +0 helmet (worn)
 x - the +1 scale mail "Isma" (worn) {+Inv Str-2 Slay+6 Stlth+}
   (You bought it in a shop on level 7 of the Dungeon)

   It affects your strength (-2).
   It affects your accuracy and damage with ranged weapons and melee attacks
   (+6).
   It lets you turn invisible.
   It makes you more stealthy.
Jewellery
 l - an uncursed ring of positive energy
 r - a +2 ring of intelligence (left hand)
Wands
 f - a wand of digging (12)
 n - a wand of frost (17)
Scrolls
 h - 2 scrolls of recharging
 j - 2 scrolls of remove curse {@r2}
 m - a scroll of enchant armour
 u - a scroll of immolation {!r}
 B - 2 scrolls of blinking
 R - 3 scrolls of identify {@r1}
 T - 4 scrolls of teleportation {@r4}
Potions
 g - a potion of agility
 i - a potion of flight
 o - a potion of curing {unknown}
 w - 2 potions of haste {@q3}
Books
 p - a book of Annihilations

   Spells                             Type                      Level
   a - Poison Arrow                   Conjuration/Poison           6
   b - Chain Lightning                Conjuration/Air              8
   c - Lehudib's Crystal Spear        Conjuration/Earth            8
   d - Glaciate                       Conjuration/Ice              9
   e - Fire Storm                     Conjuration/Fire             9
Comestibles
 d - a slice of pizza
 e - 3 bread rations
 k - 7 meat rations
 t - a beef jerky
 z - a chunk of flesh


   Skills:
 + Level 4.6 Fighting
 * Level 11.1 Maces & Flails
 - Level 2.6 Armour
 - Level 2.6 Shields


You had 8 spell levels left.
You didn't know any spells.

Dungeon Overview and Level Annotations

Branches:
Dungeon (8/15)             Temple (0/1) D:5            Lair (0/8) D:8

Altars:
Ashenzari
Fedhas
Kikubaaqudgha
Makhleb
Ru
Sif Muna
Xom
The Shining One

Shops:
D:7 [


Innate Abilities, Weirdness & Mutations

You have sharp toenails.
You are partially covered in molten scales (AC +1).
You are completely attuned to the shadows.
You are immune to rotting.


Message History

You fly up into the air.
The gnoll shaman hits you but does no damage.
The gnoll sergeant hits you with a glaive.
* * * LOW HITPOINT WARNING * * *
The gnoll sergeant hits you with a halberd.
* * * LOW HITPOINT WARNING * * *
You block the gnoll's attack.
The gnoll sergeant hits you but does no damage.
The gnoll shaman invokes the aid of its god against you.
You easily resist.
The gnoll sergeant hits you from afar with a glaive.
* * * LOW HITPOINT WARNING * * *
There is an open door, spattered with blood here.
You block the gnoll sergeant's attack.
The gnoll shaman calls upon its god to heal the gnoll sergeant.
The gnoll sergeant's wounds heal themselves!
The gnoll shaman calls upon its god to speed up the gnoll sergeant.
The gnoll sergeant seems to speed up.
The gnoll sergeant hits you from afar with a halberd!
You die...

♣♣.♣♣ ♣♣♣♣.∩.♣♣
♣♣.......♣♣♣♣
♣♣♣...........♣
♣.......)†......
≈≈≈≈≈≈≈..)≈≈≈≈≈≈
≈...............
................
.ਜਜਜਜਜਜ∆@∆ਜਜਜਜ
ਜ...ਜ ਜ.g.ਜ
ਜ.g.ਜ


ਜਜgਜਜ ਜ).gਜ ਜ.....ਜ ਜ.......ਜ ਜ..$8$..ਜ You could see 2 gnoll sergeants and a
gnoll shaman.

Vanquished Creatures
  A hippogriff (D:7)
  Eustachio (D:5)
  Menkaure (D:7)
  3 orc warriors (D:6)
  A centaur (D:7)
  A sky beast (D:7)
  3 ogres
  A phantom (D:6)
  A giant frog (D:7)
  A scorpion (D:7)
  A centaur zombie (Ossuary)
  A quasit (D:5)
  2 giant frog skeletons
  2 crimson imps
  3 iguanas
  4 hounds
  A human zombie (Ossuary)
  3 jellies
  2 orc priests
  2 orc wizards
  6 worker ants
  2 big kobold zombies (Ossuary)
  A hound zombie (D:8)
  2 mummies (Ossuary)
  A worker ant zombie (D:7)
  6 gnolls
  13 adders
  2 shadow imps
  An ooze (D:2)
  An adder skeleton (D:7)
  3 worms
  3 giant geckos
  25 orcs
  9 bats
  5 giant cockroaches
  6 goblins
  9 hobgoblins
  6 jackals
  10 kobolds
  A quokka (D:7)
  2 ball pythons
  A ball python skeleton (D:5)
  4 giant newts
  4 gnoll zombies (Ossuary)
  A goblin skeleton (D:5)
  5 goblin zombies
  2 hobgoblin zombies
  A kobold skeleton (D:5)
  A kobold zombie (D:5)
  An orc skeleton (D:5)
  3 orc zombies
  6 rats
178 creatures vanquished.

Notes
Turn   | Place    | Note
--------------------------------------------------------------
     0 | D:1      | Goblin1989 the Demonspawn Fighter began the quest for the Orb.
     0 | D:1      | Reached XP level 1. HP: 18/18 MP: 1/1
   110 | D:1      | Gained mutation: You have sharp toenails. [demonic ancestry]
   110 | D:1      | Reached XP level 2. HP: 17/24 MP: 2/2
   515 | D:1      | Gained mutation: You are slightly more attuned to the shadows. [demonic ancestry]
   515 | D:1      | Reached XP level 3. HP: 12/29 MP: 3/3
  1251 | D:2      | Found a shimmering altar of Xom.
  1251 | D:2      | Found a burning altar of Makhleb.
  1255 | D:2      | Gained mutation: You are immune to rotting. [demonic ancestry]
  1255 | D:2      | Reached XP level 4. HP: 30/35 MP: 4/4
  1260 | D:2      | Became a worshipper of Makhleb the Destroyer
  1337 | D:2      | Reached skill level 4 in Maces & Flails
  1503 | D:2      | Found a blossoming altar of Fedhas.
  1680 | D:2      | Reached * piety under Makhleb
  2181 | D:3      | Gained mutation: You are partially covered in molten scales (AC +1). [demonic ancestry]
  2181 | D:3      | Reached XP level 5. HP: 37/41 MP: 5/5
  2516 | D:3      | Reached skill level 5 in Maces & Flails
  3423 | D:4      | Found an ancient bone altar of Kikubaaqudgha.
  3450 | D:4      | Gained mutation: You are significantly more attuned to the shadows. [demonic ancestry]
  3450 | D:4      | Reached XP level 6. HP: 36/47 MP: 6/6
  3538 | D:4      | Reached ** piety under Makhleb
  3538 | D:4      | Reached skill level 6 in Maces & Flails
  3706 | D:4      | Found a sand-covered staircase.
  3711 | Ossuary  | Entered an ossuary
  4103 | Ossuary  | Reached skill level 7 in Maces & Flails
  4103 | Ossuary  | Reached XP level 7. HP: 33/52 MP: 7/7
  4233 | D:4      | Noticed an ogre
  4240 | D:4      | Killed an ogre
  4656 | D:4      | Found a sacrificial altar of Ru.
  4708 | D:5      | Entered Level 5 of the Dungeon
  4740 | D:5      | Found a staircase to the Ecumenical Temple.
  4779 | D:5      | Noticed Eustachio
  4786 | D:5      | Killed Eustachio
  4786 | D:5      | Reached skill level 8 in Maces & Flails
  4795 | D:5      | Reached *** piety under Makhleb
  4865 | D:5      | Found a glowing golden altar of the Shining One.
  5124 | D:5      | Gained mutation: You are completely attuned to the shadows. [demonic ancestry]
  5124 | D:5      | Reached XP level 8. HP: 58/58 MP: 8/8
  5219 | D:5      | Reached skill level 9 in Maces & Flails
  5447 | D:6      | Found a shattered altar of Ashenzari.
  6323 | D:6      | Reached skill level 10 in Maces & Flails
  6493 | D:6      | Found a deep blue altar of Sif Muna.
  6747 | D:7      | Reached **** piety under Makhleb
  7075 | D:7      | Found Kaisaqur's Antique Armour Boutique.
  7080 | D:7      | Bought a faintly humming scale mail for 207 gold pieces
  7090 | D:7      | Identified the +1 scale mail "Isma" {+Inv Str-2 Slay+6 Stlth+} (You bought it in a shop on level 7 of the Dungeon)
  7155 | D:7      | Reached XP level 9. HP: 65/65 MP: 9/9
  7275 | D:7      | Noticed Menkaure
  7279 | D:7      | Killed Menkaure
  7476 | D:8      | Reached skill level 11 in Maces & Flails
  7533 | D:8      | Found a flagged portal.
  7537 | D:8      | Got a steaming halberd
  7540 | D:8      | Got a warped halberd
  7543 | Bailey   | Entered a bailey
  7700 | Bailey   | HP: 2/66 [gnoll sergeant/glaive (5)]
  7704 | Bailey   | Mangled by a gnoll sergeant

Action                   |  1- 3 |  4- 6 |  7- 9 || total
-------------------------+-------+-------+-------++-------
Melee: Flail             |   129 |   417 |   446 ||   992
Throw: Throwing net      |       |       |     1 ||     1
  Use: Scroll            |       |     7 |     4 ||    11
       Potion            |       |       |    10 ||    10
 Stab: Held in net/web   |       |       |     1 ||     1
       Sleeping          |       |       |     3 ||     3
  Eat: Chunk             |     1 |     5 |    11 ||    17
       Fruit             |       |     6 |       ||     6
       Beef jerky        |       |       |     1 ||     1

Vault maps used:
D:1:      evilmike_arrival_run_for_it
D:2:      gammafunk_temple_overflow_wave, lemuel_round_altar, first_bread
D:3:      kennysheep_doodads
D:4:      kiku_gazebo_pond_becter, marbit_many_paths, enter_ossuary_2,
          minmay_fountain_box
D:5:      nicolae_tso_besieged_by_evil, minmay_temple_entry_purple_smoke,
          uniq_eustachio
D:6:      lemuel_blue_sif_altar, lemuel_doored_altar
D:7:      serial_shops, kennysheep_little_box, uniq_menkaure
D:8:      vehumet_crystals, old_standard_altar, dpeg_oklobed_lair,
          enter_bailey_2
Ossuary:  minmay_ossuary_gauntlet
Bailey:   bailey_polearm_gnolls_kennysheep, bailey
